 Dungeon Crawl Stone Soup version 0.18.1-48-g4cf74bf (webtiles) character file.

148 MovingMist the Covered (level 5, -3/47 HPs)
             Began as a Minotaur Fighter on Aug 20, 2016.
             Slain by a slave (5 damage)
             ... led by Pikel
             ... on level 4 of the Dungeon.
             The game lasted 00:04:23 (1926 turns).

MovingMist the Covered (Minotaur Fighter)           Turns: 1926, Time: 00:04:24

Health: -3/47      AC:  7    Str: 26    XL:     5   Next: 8%
Magic:  4/4        EV:  8    Int:  5    God:
Gold:   104        SH: 10    Dex: 10    Spells: 0 memorised, 4 levels left

rFire  . . .     SeeInvis .     a - +0 war axe
rCold  . . .     Gourm    .     b - +0 scale mail
rNeg   . . .     Faith    .     c - +0 shield
rPois  .         Spirit   .     (helmet restricted)
rElec  .         Dismiss  .     (no cloak)
rCorr  .         Reflect  .     (no gloves)
SustAt .         Harm     .     (no boots)
MR     .....                    (no amulet)
Stlth  ..........               (no ring)
                                (no ring)

@: mighty, not resistant to hostile enchantments, extremely unstealthy
A: retaliatory headbutt, horns 2
a: no special abilities


You were on level 4 of the Dungeon.
You were hungry.

You visited 1 branch of the dungeon, and saw 4 of its levels.

You collected 104 gold pieces.

Inventory:

Hand Weapons
 a - a +0 war axe (weapon)
Armour
 b - a +0 scale mail (worn)
 c - a +0 shield (worn)
Jewellery
 e - an uncursed ring of fire {unknown}
Scrolls
 i - a scroll of teleportation
 j - a scroll of amnesia {unknown}
 m - a scroll of identify {unknown}
Potions
 h - 2 potions of curing {unknown}
 k - 2 potions of degeneration {unknown}
 l - a potion of berserk rage {unknown}
 o - a potion of lignification {unknown}
Comestibles
 f - 2 bread rations
 g - 3 fruits
 n - 7 chunks of flesh


   Skills:
 + Level 4.6 Fighting
 + Level 3.4 Axes
 + Level 5.0 Armour
 + Level 4.6 Shields


You had 4 spell levels left.
You didn't know any spells.

Dungeon Overview and Level Annotations

Branches:
Dungeon (4/15)
 Temple: D:4-7

Altars:
Dithmenos
Nemelex Xobeh
Sif Muna
Yredelemnul

Annotations:
D:4 Pikel


Innate Abilities, Weirdness & Mutations

You reflexively headbutt those who attack you in melee.
You have a pair of horns on your head.


Message History

You closely miss Pikel.
Pikel is heavily wounded.
You slash the slave!
The slave is heavily wounded.
You closely miss the slave.
The slave is moderately wounded.
You hit the slave.
The slave is almost dead.
Pikel barely misses you. The slave barely misses you. You furiously retaliate!
You headbutt the slave. You block the slave's attack.
The slave barely misses you. Pikel hits you with a whip of flaming.
* * * LOW HITPOINT WARNING * * *
Pikel burns you.
* * * LOW HITPOINT WARNING * * *
The slave hits you.
* * * LOW HITPOINT WARNING * * *
Drink which item? (? for menu, Esc to quit)
You feel very mighty all of a sudden. The slave hits you but does no damage.
The slave hits you.
You die...

#...# .# ...# .##
###..# ... ..#..#
..##
#(#..#####...##
#.#..##........ #
#.##...pp......
#.##.....[@K......
#..........p......
#...<.....#######.
#.........#
#.........#
...[........#
####........#
......####
########


You could see Pikel and 3 slaves.

Vanquished Creatures
  A slave (D:4)
  Jessica (D:3)
  An iguana (D:4)
  3 adders
  2 worms
  3 dart slugs
  A giant gecko (D:2)
  2 orcs (D:3)
  2 giant cockroaches
  3 goblins (D:1)
  9 hobgoblins
  8 jackals
  2 ball pythons (D:2)
  4 bats
  5 giant newts
  4 kobolds
  6 rats
57 creatures vanquished.

Notes
Turn   | Place    | Note
--------------------------------------------------------------
     0 | D:1      | MovingMist the Minotaur Fighter began the quest for the Orb.
     0 | D:1      | Reached XP level 1. HP: 19/19 MP: 0/0
   266 | D:1      | Reached XP level 2. HP: 27/27 MP: 1/1
   784 | D:2      | Reached skill level 4 in Armour
   888 | D:2      | Found a sparkling altar of Nemelex Xobeh.
  1010 | D:2      | Found a shadowy altar of Dithmenos.
  1042 | D:2      | Reached XP level 3. HP: 33/33 MP: 2/2
  1190 | D:3      | Found a basalt altar of Yredelemnul.
  1194 | D:3      | Found a deep blue altar of Sif Muna.
  1197 | D:3      | Found a sparkling altar of Nemelex Xobeh.
  1353 | D:3      | Reached XP level 4. HP: 40/40 MP: 3/3
  1508 | D:3      | Noticed Jessica
  1517 | D:3      | Killed Jessica
  1905 | D:4      | Noticed a slave
  1909 | D:4      | Reached skill level 5 in Armour
  1909 | D:4      | Reached XP level 5. HP: 36/47 MP: 4/4
  1914 | D:4      | Noticed Pikel
  1914 | D:4      | Noticed a slave
  1915 | D:4      | Noticed a slave
  1916 | D:4      | Noticed a slave
  1923 | D:4      | Killed a slave
  1925 | D:4      | HP: 2/47 [slave[Pikel] (5)]
  1926 | D:4      | Slain by a slave

Skill      XL: |  1  2  3  4 |
---------------+-------------+-----
Armour         | 4 5 |  5.0
Fighting       | 4 |  4.6
Shields        | 4 |  4.6
Axes           | 3 |  3.4

Action                   |  1- 3 |  4- 6 || total
-------------------------+-------+-------++-------
Melee: War axe           |    83 |    44 ||   127
       Headbutt          |    15 |     3 ||    18
  Use: Scroll            |     7 |       ||     7
       Potion            |       |     1 ||     1
  Eat: Chunk             |     2 |     1 ||     3
Armor: Scale mail        |    35 |    30 ||    65
Dodge: Dodged            |    31 |    21 ||    52
Block: Shield            |    45 |    34 ||    79
